 Dungeon Crawl Stone Soup version 0.27-a0-1579-g97d2440184 (webtiles) character file.

Game seed: 14957351382057871429

270 Lanoc the Covert (level 6, -2/39 HPs)
             Began as a Kobold Delver on July 17, 2021.
             Slain by a gnoll (6 damage)
             ... on level 2 of the Dungeon.
             The game lasted 00:05:06 (1648 turns).

Lanoc the Covert (Kobold Delver)                    Turns: 1648, Time: 00:05:06

Health: -2/39      AC:  4    Str:  9    XL:     6   Next: 46%
Magic:  6/6        EV: 16    Int: 12    God:
Gold:   23         SH:  0    Dex: 18    Spells: 5/5 levels left

rFire    . . .     SeeInvis .   e - +0 rapier
rCold    . . .     Faith    .   (shield restricted)
rNeg     . . .     Spirit   .   b - +0 leather armour
rPois    .         Reflect  .   (no helmet)
rElec    .         Harm     .   (no cloak)
rCorr    .         Rampage  .   (no gloves)
Will     .....                  a - +0 pair of boots
Stlth    +++++.....             (no amulet)
HPRegen  0.13/turn              (no ring)
MPRegen  0.10/turn              (no ring)

@: weak-willed
A: small, no large weapons, nightstalker 3
a: no special abilities


You were on level 2 of the Dungeon.
You visited 1 branch of the dungeon, and saw 4 of its levels.

You collected 23 gold pieces.

Inventory:

Hand Weapons
 e - a +0 rapier (weapon)
Armour
 a - a +0 pair of boots (worn)
 b - a +0 leather armour (worn)
Wands
 g - a wand of digging (3)
Scrolls
 d - a scroll of magic mapping
 k - a scroll of noise
 l - a scroll of enchant weapon
Potions
 j - a potion of resistance


   Skills:
 + Level 4.6 Fighting
 - Level 2.6 Short Blades
 + Level 4.2 Dodging
 * Level 9.1 Stealth


You had 5 spell levels left.
You didn't know any spells.
Your spell library was empty.

Dungeon Overview and Level Annotations

Branches:
Dungeon (5/15)
 Temple: D:4-7

Altars:

Shops:
D:2 (


Innate Abilities, Weirdness & Mutations

You are small and have problems with some larger weapons.
You are completely attuned to the shadows.


Message History

Really walk into that dispersal trap?
You enter a dispersal trap!
The gnoll blinks!
You blink.
The helpless rat fails to defend itself.
You perforate the rat like a sieve!!!
You kill the rat!
The gnoll closely misses you.
A goblin comes into view. It is wielding a +0 club.
A goblin comes into view. It is wielding a +0 dagger.
The goblin shouts!
The goblin closely misses you.
The goblin shouts!
You hit the goblin.
You kill the goblin!
The gnoll closely misses you.
You hit the goblin.
The goblin is heavily wounded.
An endoplasm comes into view.
The goblin barely misses you. The gnoll misses you.
You hit the goblin.
The goblin is severely wounded.
The goblin misses you. The gnoll hits you with a +0 flail.
* * * LOW HITPOINT WARNING * * *
You hit the goblin.
You kill the goblin!
The gnoll misses you.
You puncture the endoplasm!
You kill the endoplasm!
The gnoll hits you with a +0 flail.
* * * LOW HITPOINT WARNING * * *
Things that are here:
a +0 dagger; a +0 club
Okay, then.
Found 16 arrows.
As you read the scroll labelled NYXZYOKKAO, it crumbles to dust.
You hear a loud clanging noise!
It was a scroll of noise.
The gnoll closely misses you.
As you read the scroll labelled DEBASTROULA, it crumbles to dust.
Magic quickly surges around you.
It was a scroll of vulnerability.
The gnoll hits you with a +0 flail.
You die...

#ยง #. #. #. #. #. #.
####################.
(...@g)..............
#####################


You could see a gnoll (weak-willed).

Vanquished Creatures
  Sigmund (D:2)
  A hound (D:4)
  4 gnolls
  An adder (D:4)
  A worm (D:3)
  3 dart slugs
  2 ball pythons
  3 endoplasms
  3 goblins
  2 hobgoblins (D:2)
  5 kobolds
  2 bats (D:3)
  3 rats
31 creatures vanquished.

Notes
Turn   | Place    | Note
-------+----------+-------------------------------------------
     0 | D:5      | Lanoc the Kobold Delver began the quest for the Orb.
     0 | D:5      | Reached XP level 1. HP: 14/14 MP: 1/1
    24 | D:5      | Noticed an ogre
    97 | D:4      | Noticed a hound
    99 | D:4      | Killed a hound
   100 | D:4      | Reached skill level 7 in Stealth
   100 | D:4      | Reached XP level 2. HP: 7/20 MP: 2/2
   100 | D:4      | Reached XP level 3. HP: 8/24 MP: 3/3
   312 | D:4      | Noticed a necrophage
   390 | D:4      | Reached XP level 4. HP: 29/29 MP: 4/4
   771 | D:2      | Found Kiethe's Weapon Boutique.
   785 | D:2      | Noticed Sigmund
   813 | D:2      | Killed Sigmund
   814 | D:2      | Reached skill level 8 in Stealth
   814 | D:2      | Reached XP level 5. HP: 3/34 MP: 5/5
   814 | D:2      | Reached XP level 6. HP: 3/39 MP: 6/6
  1534 | D:2      | Reached skill level 9 in Stealth
  1648 | D:2      | Slain by a gnoll

Illustrated notes

Levels and vault maps discovered:
D:2:      layout_basic, serial_shops, nicolae_shop_waterfront,
          minmay_tree_intersection, uniq_sigmund
D:3:      layout_rooms, small_statue_intersection, lemuel_another_geyser
D:4:      layout_cave_pools, trog_hazing_becter, serial_shops,
          nicolae_diamond_shop, kennysheep_generic_room_16
D:5:      layout_basic, kennysheep_orc_sif_temple, ebering_ghost_sewer_d

Skill      XL: |  1  2  3  4  5  6 |
---------------+-------------------+-----
Dodging        | 3 4 |  4.2
Stealth        | 7 8 9 |  9.1
Fighting       | 4 |  4.6
Short Blades   | |  2.6

Action                   |  1- 3 |  4- 6 || total
-------------------------+-------+-------++-------
Melee: Short sword       |     3 |       ||     3
       Rapier            |     7 |    83 ||    90
  Use: Scroll            |     1 |     4 ||     5
       Potion            |       |     3 ||     3
 Stab: Sleeping          |     3 |     9 ||    12
       Distracted        |       |     1 ||     1
Armor: Leather armour    |       |     5 ||     5
Dodge: Dodged            |     5 |    56 ||    61

Table legend: (Time is in decaauts)
 A = Elapsed time spent in this place.
 B = Non-inter-level travel time spent in this place.
 C = Inter-level travel time spent in this place.
 D = Time resting spent in this place.
 E = Time spent auto-exploring this place.
 F = Levels seen in this place.
 G = Mean time per level.
                   A        B        C        D        E       F      G
               +--------+--------+--------+--------+--------+-----+--------+
         Total |   1634 |   1623 |     11 |    193 |    930 |   4 |  408.5 |
       Dungeon |   1634 |   1623 |     11 |    193 |    930 |   4 |  408.5 |
               +--------+--------+--------+--------+--------+-----+--------+

Top non-repeatable levels by time:
     D:2: 1091 daAuts
     D:4: 356 daAuts
     D:5: 97 daAuts
     D:3: 89 daAuts
